 Dungeon Crawl Stone Soup version 0.23.2-30-g0e89c35649 (webtiles) character file.

Game seed: 8421456131867763832

49 DildoBatman the Magician (level 4, 0/30 HPs)
             Began as a Formicid Wizard on June 22, 2019.
             Succumbed to an adder's poison
             ... on level 2 of the Dungeon.
             The game lasted 00:02:46 (1132 turns).

DildoBatman the Magician (Formicid Wizard)          Turns: 1132, Time: 00:02:46

Health: 0/30       AC:  2    Str: 12    XL:     4   Next: 2%
Magic:  4/8        EV: 12    Int: 18    God:
Gold:   25         SH:  0    Dex:  9    Spells: 2/9 levels left

rFire    . . .     SeeInvis +   j - +0 short sword
rCold    . . .     Gourm    .   (no shield)
rNeg     . . .     Faith    .   a - +0 robe
rPois    .         Spirit   .   (helmet unavailable)
rElec    .         Reflect  .   (no cloak)
rCorr    .         Harm     .   (no gloves)
MR       .....                  (no boots)
Stlth    ++........             (no amulet)
HPRegen  0.10/turn              b - ring of see invisible (curse)
MPRegen  0.11/turn              (no ring)

@: lethally poisoned (0 -> -2)
A: permanent stasis, dig shafts and tunnels, four strong arms, antennae 3
a: Dig, Shaft Self


You were on level 2 of the Dungeon.
You were not hungry.

You visited 1 branch of the dungeon, and saw 2 of its levels.

You collected 25 gold pieces.

Inventory:

Hand Weapons
 j - a +0 short sword (weapon)
Missiles
 g - 3 stones (quivered)
 k - 17 sling bullets
Armour
 a - a +0 robe (worn)
 m - a +0 pair of gloves
Jewellery
 b - a cursed ring of see invisible (left hand)
Scrolls
 d - a scroll of magic mapping {unknown}
 f - a scroll of identify {unknown}
 i - a scroll of noise {unknown}
 l - a scroll of enchant armour {unknown}
Potions
 e - 2 potions of curing {unknown}
 h - a potion of magic {unknown}
Comestibles
 c - 2 chunks of flesh
 v - 4 rations


   Skills:
 - Level 1.7 Dodging
 - Level 2.4 Stealth
 - Level 3.2 Spellcasting
 * Level 3.2 Conjurations
   Level 1.0 Summonings
   Level 0.8 Translocations


You had 2 spell levels left.
You knew the following spells:

 Your Spells              Type           Power        Failure   Level  Hunger
a - Conjure Flame         Conj/Fire      #.......     24%         3    ###....
c - Magic Dart            Conj           ##..         4%          1    None
e - Mephitic Cloud        Conj/Pois/Air  #.......     30%         3    ###....

Your spell library contained the following spells:

 Spells                   Type           Power        Failure   Level  Hunger
 Call Imp                 Summ           #.......     16%         2    ##.....
 Slow                     Hex            #.......     24%         2    ##.....
 Blink                    Tloc           Unusable     N/A         2    N/A

Dungeon Overview and Level Annotations

Branches:
Dungeon (2/15)

Altars:


Innate Abilities, Weirdness & Mutations

You cannot be hasted, slowed, berserked, paralysed or teleported.
You can dig through walls and to a lower floor.
Your four strong arms can wield two-handed weapons with a shield.
You have a pair of large antennae on your head. (SInv)


Message History

g - Guard the area. f - Follow me.
Anything else - Cancel.
You shout for attention!
A leopard gecko comes into view.
The worm completely misses you. What are your orders? t - Shout!
Orders for allies: a - Attack new target. r - Retreat! s - Stop attacking. g - Guard the area. f - Follow me.
Anything else - Cancel.
You shout for attention!
What are your orders? t - Shout!
Orders for allies: a - Attack new target. r - Retreat! s - Stop attacking. g - Guard the area. f - Follow me.
Anything else - Cancel.
You shout for attention!
You die...

........###...........#
............#....###..##
###...........#...# ...###
.....#..#..##.#.#.# .....
####............#.##..##.##
###..##....#.#.........#
......###..#.###..##...#
.^...... ##.w..##)...#
....$.... ###@.##.##....#
......... ##.....# ##.#
.<........ #l....# .
....... ##....<#######.
...............[..
##################


You could see a worm and a leopard gecko.

Vanquished Creatures
  2 adders (D:2)
  A worm (D:1)
  2 dart slugs (D:1)
  A leopard gecko (D:1)
  4 bats (D:1)
  5 goblins (D:1)
  A hobgoblin (D:1)
  2 kobolds
  3 frilled lizards (D:1)
  6 rats (D:1)
27 creatures vanquished.

Notes
Turn   | Place    | Note
-------+----------+-------------------------------------------
     0 | D:1      | DildoBatman the Formicid Wizard began the quest for the
                  | Orb.
     0 | D:1      | Reached XP level 1. HP: 13/13 MP: 4/4
    14 | D:1      | Reached skill level 1 in Conjurations
   127 | D:1      | Reached XP level 2. HP: 19/19 MP: 1/6
   620 | D:1      | Reached XP level 3. HP: 24/24 MP: 5/7
   625 | D:1      | Learned a level 3 spell: Conjure Flame
   629 | D:1      | Learned a level 3 spell: Mephitic Cloud
  1111 | D:2      | Reached XP level 4. HP: 19/30 MP: 2/8
  1128 | D:2      | HP: 1/30 [worm (4)]
  1132 | D:2      | Succumbed to an adder's poison

Skill      XL: |  1  2  3 |
---------------+----------+-----
Conjurations   | 1 2 3 |  3.2
Dodging        | |  1.7
Stealth        | |  2.4
Spellcasting   | |  3.2
Summonings     | |  1.0
Translocations | |  0.8

Action                   |  1- 3 |  4- 6 || total
-------------------------+-------+-------++-------
Melee: Club              |    14 |       ||    14
       Short sword       |     5 |       ||     5
 Cast: Magic Dart        |    49 |     1 ||    50
 Abil: Dig               |     1 |       ||     1
 Stab: Sleeping          |     1 |       ||     1
  Eat: Chunk             |     1 |       ||     1
Armor: Robe              |     7 |       ||     7
Dodge: Dodged            |    14 |     6 ||    20
